 Dungeon Crawl Stone Soup version 0.27.1 (webtiles) character file.

Game seed: 17961498242586661680

40 Descartes the Sneak (level 3, -6/16 HPs)
             Began as a Felid Wanderer on Aug 25, 2021.
             Killed from afar by Natasha (9 damage)
             ... with a magic dart
             ... on level 2 of the Dungeon.
             The game lasted 00:03:09 (2262 turns).

Descartes the Sneak (Felid Wanderer)                Turns: 2262, Time: 00:03:10

Health: -6/16      AC:  1    Str:  8    XL:     3   Next: 30%
Magic:  5/5        EV: 17    Int: 12    God:
Gold:   67         SH:  0    Dex: 17    Spells: 3/4 levels left
                                        Lives:  0   Deaths: 0

rFire    . . .     SeeInvis +     - Unarmed
rCold    . . .     Faith    .   (shield unavailable)
rNeg     + . .     Spirit   .   (armour unavailable)
rPois    .         Reflect  .   (helmet unavailable)
rElec    .         Harm     .   (cloak unavailable)
rCorr    .         Rampage  .   (gloves unavailable)
Will     .....                  (boots unavailable)
Stlth    +++.......             (no amulet)
HPRegen  0.05/turn              k - ring of positive energy
MPRegen  0.09/turn              (no ring)

@: quick
A: very small, claws 1, fangs 3, see invisible, speed 1, shaggy fur 1, stealthy
paws, no weapons or thrown items, no armour, multi-lived
a: no special abilities


You were on level 2 of the Dungeon.
You visited 1 branch of the dungeon, and saw 2 of its levels.

You collected 67 gold pieces.

Inventory:

Missiles
 d - 59 stones
Jewellery
 k - a ring of positive energy (left paw)
Scrolls
 a - a scroll of teleportation
 c - a scroll of noise {unknown}
 e - a scroll of holy word {unknown}
 f - 2 scrolls of identify {unknown}
 g - a scroll of magic mapping {unknown}
 h - a scroll of summoning {unknown}
Potions
 b - a potion of lignification
 i - a potion of heal wounds {unknown}
 j - a potion of ambrosia {unknown}


   Skills:
 - Level 2.0 Fighting
 + Level 1.8 Dodging
 * Level 3.5 Stealth
 - Level 3.0 Unarmed Combat
 - Level 1.0 Spellcasting
 - Level 1.5 Hexes
 + Level 1.6 Poison Magic
 - Level 1.1 Evocations


You had 3 spell levels left.
You knew the following spells:

 Your Spells              Type           Power      Damage    Failure   Level
a - Sting                 Tmut/Pois      8%         1d3       22%         1

Your spell library contained the following spells:

 Spells                   Type           Power      Damage    Failure   Level
 Poisonous Vapours        Pois/Air       4%         N/A       32%         2
 Mephitic Cloud           Conj/Pois/Air  1%         N/A       58%         3
 Olgreb's Toxic Radiance  Pois           4%         N/A       83%         4


Dungeon Overview and Level Annotations

Branches:
Dungeon (2/15)

Altars:

Shops:
D:1 :(=([

Annotations:
D:2 Natasha


Innate Abilities, Weirdness & Mutations

You have sharp claws.
You have razor-sharp teeth.
You have supernaturally acute eyesight. (SInv)
You cover ground quickly. (Speed+)
You are covered in fur. (AC +1)
Your paws help you pounce on unaware monsters.
You are incapable of wielding weapons or throwing items.
You cannot wear armour.
You gain extra lives every three experience levels.


Message History

You now have 53 gold pieces (gained 17).
You now have 67 gold pieces (gained 14).
Found a stone staircase leading down.
Found a scroll labelled CYCSAIZ BAING.
Natasha hisses angrily.
Natasha casts a spell at you. The magic dart hits you!
Ouch! That really hurt!
You are too injured to fight recklessly!
You are too injured to fight recklessly!
You are too injured to fight recklessly!
You are too injured to fight recklessly!
You are too injured to fight recklessly!
You are too injured to fight recklessly!
You are too injured to fight recklessly!
You are too injured to fight recklessly!
You are too injured to fight recklessly!
You are too injured to fight recklessly!
You are too injured to fight recklessly!
You are too injured to fight recklessly!
You are too injured to fight recklessly!
You are too injured to fight recklessly!
You are too injured to fight recklessly!
You are too injured to fight recklessly!
You are too injured to fight recklessly!
You are too injured to fight recklessly!
You are too injured to fight recklessly!
You are too injured to fight recklessly!
Unknown command.
Natasha completely misses you.
You scratch Natasha but do no damage.
Natasha stares at you and mumbles some strange words.
The magic dart hits you.
* * * LOW HITPOINT WARNING * * *
You closely miss Natasha. You bite Natasha, but do no damage.
You barely miss Natasha. Natasha casts a spell at you. The magic dart hits you!
Ouch! That really hurt!
You die...

##############
#.............
#.............
#?............
#.............
#.....h.......
#.....@.......
#.............
###.##.####### ###
#.##.##############..
#>...................
#.#############......
# #...... #......
#......


You could see Natasha.

Vanquished Creatures
  2 dart slugs (D:1)
  An orc (D:2)
  3 endoplasms (D:1)
  A giant cockroach (D:2)
  4 goblins
  2 hobgoblins (D:1)
  6 jackals (D:2)
  A kobold (D:1)
  A quokka (D:1)
  5 ball pythons
  A bat (D:2)
  4 frilled lizards
  A rat (D:2)
32 creatures vanquished.

Notes
Turn   | Place    | Note
-------+----------+-------------------------------------------
     0 | D:1      | Descartes the Felid Wanderer began the quest for the Orb.
     0 | D:1      | Descartes set off with the following items: a scroll of
                  | teleportation, a potion of lignification; and the following
                  | spell memorised: Sting; and the following spells available
                  | to memorise: Poisonous Vapours, Mephitic Cloud, Olgreb's
                  | Toxic Radiance
     0 | D:1      | Reached XP level 1. HP: 9/9 MP: 3/3
   208 | D:1      | Found Jioqiocli's Weapon Shoppe.
   430 | D:1      | Reached skill level 1 in Dodging
   430 | D:1      | Reached XP level 2. HP: 13/13 MP: 4/4
   444 | D:1      | Found Moxteo's Jewellery Emporium.
   829 | D:1      | Found Ommeiv's Book Shoppe.
   851 | D:1      | Found a faded altar of an unknown god.
  1131 | D:1      | Found Qinaf's Weapon Shoppe.
  1258 | D:1      | Found Narurac's Antique Armour Emporium.
  1647 | D:2      | Noticed Natasha
  1649 | D:2      | Reached XP level 3. HP: 11/16 MP: 5/5
  2262 | D:2      | Killed from afar by Natasha

Illustrated notes

Levels and vault maps discovered:
D:1:      dpeg_arrival_ternary, layout_loops_ring, basic_ecumenical_altar,
          serial_shops, nicolae_shop_waterfront, shop, nicolae_shop_stone,
          shop_statue, nicolae_shop_crystal
D:2:      layout_basic, basic_altar, uniq_natasha

Skill      XL: |  1  2 |
---------------+-------+-----
Stealth        | 2 3 |  3.5
Dodging        | 1 |  1.8
Fighting       | |  2.0
Unarmed Combat | |  3.0
Spellcasting   | |  1.0
Hexes          | |  1.5
Poison Magic   | |  1.6
Evocations     | |  1.1

Action                   || total
-------------------------++-------
Melee: Unarmed           ||   105
       Bite              ||    11
       Punch             ||     2
 Cast: Sting             ||     3
 Stab: Sleeping          ||     2
Armor: Skin              ||     6
Dodge: Dodged            ||    75
